[Event "7th Uppsala Young Champions"]
[Site "Uppsala"]
[Date "2020.10.28"]
[Round "9.14"]
[White "Olsson, William"]
[Black "Brozka, Karel"]
[Result "1-0"]
[ECO "A38"]
[WhiteElo "2192"]
[BlackElo "2216"]
[Annotator "ChessBase"]
[PlyCount "73"]
[EventDate "2020.10.23"]
[EventType "swiss"]
[EventCountry "SWE"]
[SourceTitle "playchess.com"]
[Source "ChessBase"]
[SourceQuality "1"]
[TimeControl "5400+30"]

1. c4 Nf6 2. Nc3 g6 3. g3 Bg7 4. Bg2 c5 5. Nf3 Nc6 6. O-O d6 7. Rb1 O-O 8. a3 a5 9. d3 e5 10. Ne1 Be6 11. Bg5 h6 12. Bxf6 Bxf6 13. b3 Bg7 14. Nc2 f5 15. Qd2 f4 16. b4 axb4 17. axb4 cxb4 18. Nxb4 Nd4 19. Bxb7 f3 20. Nc6 Nxc6 21. Bxc6 fxe2 22. Qxe2 Rc8 23. Bg2 Qa5 24. Nd5 Bxd5 25. Bxd5+ Kh8 26. Qg4 g5 27. Be4 Qc5 28. Rb5 Qc7 29. Rb7 Qd8 30. h4 Qf6 31. hxg5 Qxg5 32. Qxg5 hxg5 33. Kg2 Kg8 34. Rh1 Rf6 35. Bd5+ Kf8 36. Rh7 Rg6 37. Rf7+ 1-0

[Event "7th Uppsala Young Champions"]
[Site "Uppsala"]
[Date "2020.10.28"]
[Round "9.15"]
[White "Ostlund, Joar"]
[Black "Trost, Edvin"]
[Result "0-1"]
[ECO "E99"]
[WhiteElo "2106"]
[BlackElo "2202"]
[Annotator "NA"]
[PlyCount "84"]
[EventDate "2020.10.23"]
[EventType "swiss"]
[EventCountry "SWE"]
[SourceTitle "playchess.com"]
[Source "ChessBase"]
[SourceQuality "1"]
[TimeControl "5400+30"]

1. d4 Nf6 2. c4 g6 3. Nc3 Bg7 4. e4 d6 5. Nf3 O-O 6. Be2 e5 7. O-O Nc6 8. d5 Ne7 9. Ne1 Nd7 10. Be3 f5 11. f3 f4 12. Bf2 g5 13. Nd3 b6 14. b4 Rf6 (14... Ng6 $142) 15. c5 a6 16. Rc1 Rh6 17. cxb6 cxb6 18. Kh1 Qe8 19. Bg1 Nf6 20. Qe1 g4 21. fxg4 Nxg4 22. Bxg4 Bxg4 23. Bxb6 Qh5 24. Bg1 {[%emt 0:01:03] [#]} Bf6 $2 (24... f3 $1 $19 {[%cal Rf3g2] has better winning chances.} 25. g3 Bh3) 25. Nf2 Bh4 26. Qd2 Bd7 ({Black should try} 26... Bxf2 $1 $17 27. Qxf2 Rg6) 27. Qe2 Qg6 28. a4 Kh8 29. b5 axb5 ({Of course not} 29... Rg8 $6 30. Nd3 $14) 30. axb5 Rg8 $1 31. Qf3 $15 Nc8 32. Ra1 Nb6 33. Ra7 Nc4 34. Rd1 Bc8 35. Rc7 Ne3 36. b6 Bxf2 37. Qxf2 Nxd1 38. Nxd1 Bh3 39. Rc2 Qxe4 40. b7 Qxd5 41. b8=Q Rxb8 42. Nc3 Qb7 0-1

[Event "7th Uppsala Young Champions"]
[Site "Uppsala"]
[Date "2020.10.28"]
[Round "9.16"]
[White "Seo, Jung Hyun"]
[Black "Urh, Zala"]
[Result "0-1"]
[ECO "B33"]
[WhiteElo "1936"]
[BlackElo "2195"]
[Annotator "NA"]
[PlyCount "80"]
[EventDate "2020.10.23"]
[EventType "swiss"]
[EventCountry "SWE"]
[SourceTitle "playchess.com"]
[Source "ChessBase"]
[SourceQuality "1"]
[TimeControl "5400+30"]

1. e4 c5 2. Nf3 Nc6 3. d4 cxd4 4. Nxd4 Nf6 5. Nc3 e5 6. Ndb5 d6 7. Bg5 a6 8. Na3 b5 9. Nd5 Be7 10. Bxf6 Bxf6 11. c3 Bg5 12. Nc2 Rb8 13. Be2 O-O 14. Nce3 a5 15. O-O Be6 16. Qd3 g6 17. b3 Bh6 18. Bg4 Kh8 19. Rad1 Qc8 20. Qe2 f5 21. exf5 gxf5 22. Bh3 f4 23. Bxe6 Qxe6 24. Ng4 Bg5 25. f3 Qg6 26. Nf2 b4 27. Ne4 Bh4 28. Qa6 Rg8 29. Rd2 Rbc8 30. cxb4 axb4 31. Qb5 (31. Kh1 $16) 31... Nd4 32. Qxb4 {[%emt 0:01:56] [#]} Rc1 ({Black should try} 32... Qg7 $1 $17 33. Nxd6 Rcd8) 33. Rxc1 Nxf3+ $1 {[%emt 0:00:07] Double Attack} 34. Kh1 Nxd2 35. Qxd2 Qxe4 36. Nc3 $11 Qg6 37. Nd5 f3 38. Qc2 fxg2+ 39. Kg1 Qf7 40. Rd1 Qa7+ 0-1

[Event "7th Uppsala Young Champions"]
[Site "Uppsala"]
[Date "2020.10.28"]
[Round "9.17"]
[White "Ruzic, Pia Marie"]
[Black "Rasti, Arvin"]
[Result "1-0"]
[ECO "A26"]
[WhiteElo "1929"]
[BlackElo "2201"]
[Annotator "ChessBase"]
[PlyCount "73"]
[EventDate "2020.10.23"]
[EventType "swiss"]
[EventCountry "SWE"]
[SourceTitle "playchess.com"]
[Source "ChessBase"]
[SourceQuality "1"]
[TimeControl "5400+30"]

1. c4 d6 2. Nf3 g6 3. g3 Bg7 4. Bg2 e5 5. d3 Ne7 6. O-O O-O 7. Nc3 f5 8. Rb1 Nbc6 9. Nd5 h6 10. b4 Nxd5 11. cxd5 Ne7 12. Nd2 f4 13. Nc4 Bf5 14. e4 Bd7 15. d4 Bb5 16. Qc2 f3 17. Bh1 exd4 18. a4 Bxc4 19. Qxc4 Qd7 20. Rb3 g5 21. Rxf3 Ng6 22. Rxf8+ Rxf8 23. Bb2 Ne5 24. Qb3 d3 25. f3 h5 26. Bc1 h4 27. f4 hxg3 28. hxg3 Qh3 29. Bg2 Qxg3 30. fxe5 Bxe5 31. Rxf8+ Kxf8 32. Bxg5 d2 33. Qf3+ Kg8 34. Bxd2 Bd4+ 35. Kf1 Qh2 36. Be3 Bg7 37. Bh3 1-0

[Event "7th Uppsala Young Champions"]
[Site "Uppsala"]
[Date "2020.10.28"]
[Round "9.18"]
[White "Hrescak, Ivana"]
[Black "Skahlberg Bjerknes-Lima de Far, Warg"]
[Result "1-0"]
[ECO "A58"]
[WhiteElo "2237"]
[BlackElo "1759"]
[Annotator "ChessBase"]
[PlyCount "114"]
[EventDate "2020.10.23"]
[EventType "swiss"]
[EventCountry "SWE"]
[SourceTitle "playchess.com"]
[Source "ChessBase"]
[SourceQuality "1"]
[TimeControl "5400+30"]

1. d4 Nf6 2. c4 c5 3. d5 b5 4. cxb5 a6 5. bxa6 g6 6. Nc3 Bxa6 7. g3 d6 8. Bg2 Bg7 9. Nf3 O-O 10. O-O Nbd7 11. Rb1 Qa5 12. Bd2 Bb7 13. Qc2 Rfb8 14. b3 Qa7 15. e4 Ba6 16. Rfd1 Ng4 17. h3 Nge5 18. Nxe5 Nxe5 19. Be3 Qc7 20. a4 Qa5 21. Na2 Rc8 22. Bd2 Qb6 23. Bc3 Qa7 24. Kh2 Bb7 25. f4 Nd7 26. Bxg7 Kxg7 27. Nc3 Qa5 28. Re1 f6 29. Bf3 Ba6 30. Bg4 Rc7 31. h4 Rb7 32. h5 Rab8 33. Kg2 Qc7 34. Na2 Rb6 35. b4 Bc8 36. b5 Ra8 37. Qc4 g5 38. Bxd7 Qxd7 39. f5 h6 40. Nc3 Qa7 41. Ra1 Qa5 42. Reb1 Bd7 43. Qd3 Rc8 44. Qc4 Ra8 45. Kf3 Ra7 46. Ra2 Ra8 47. g4 Rb7 48. Ke3 Qb6 49. Kf3 Ra5 50. Ne2 Rba7 51. Nc3 Ra8 52. Rba1 Qa7 53. Kg3 Be8 54. Kf3 Bd7 55. Kg3 Kh7 56. e5 fxe5 57. f6 Rg8 1-0

[Event "7th Uppsala Young Champions"]
[Site "Uppsala"]
[Date "2020.10.28"]
[Round "9.19"]
[White "Ostensson, Julia"]
[Black "Grahn, Vidar"]
[Result "0-1"]
[ECO "C77"]
[WhiteElo "1562"]
[BlackElo "1864"]
[Annotator "NA"]
[PlyCount "146"]
[EventDate "2020.10.23"]
[EventType "swiss"]
[EventCountry "SWE"]
[SourceTitle "playchess.com"]
[Source "ChessBase"]
[SourceQuality "1"]
[TimeControl "5400+30"]

1. e4 e5 2. Nf3 Nc6 3. Bb5 a6 4. Ba4 Nf6 5. d3 b5 6. Bb3 Be7 7. Nbd2 O-O 8. c3 d5 9. Qe2 Re8 10. Nf1 h6 11. h3 Bf8 12. g4 Qd6 (12... a5 $17) 13. Ng3 Na5 14. Bc2 c5 15. Nf5 (15. g5 $11 hxg5 16. Nxg5) 15... Bxf5 16. gxf5 c4 17. Rg1 (17. dxc4 $142 Nxc4 18. Nd2) 17... cxd3 18. Bxd3 dxe4 ({Don't do} 18... Nxe4 19. Bxe4 dxe4 20. Nd2 $17) 19. Bxe4 Nxe4 20. Qxe4 Rad8 21. Bd2 Nc4 22. O-O-O Qb6 23. Qh4 Nxd2 24. Nxd2 Be7 25. Qg3 Bg5 26. h4 Bxd2+ (26... Rxd2 $1 $17 27. Rxd2 Bxd2+ 28. Kxd2 Qf6) 27. Rxd2 Qf6 28. Re2 ({White should try} 28. Rxd8 $15 Rxd8 29. Qg4) 28... e4 29. Qg4 Rd5 30. Rxe4 Rxe4 31. Qxe4 Rxf5 32. Rd1 $19 Rxf2 33. Rd4 Rf1+ 34. Kc2 Qf5 35. Qxf5 Rxf5 36. Rd6 a5 37. Rd4 g5 38. b3 Rf2+ 39. Kd3 Rxa2 40. hxg5 hxg5 41. Rd5 f6 42. Rxb5 g4 43. Rf5 Kg7 44. Rf4 Rg2 45. b4 a4 46. b5 a3 47. b6 a2 48. b7 a1=Q 49. b8=Q Rg3+ 50. Ke4 Qh1+ 51. Kd4 Qd1+ 52. Kc4 Qd3+ 53. Kc5 Qxc3+ 54. Rc4 Qa5+ 55. Kc6 Qa6+ 56. Kc5 Qa3+ 57. Kc6 Qf3+ 58. Kc5 Qf5+ 59. Kc6 Qe6+ 60. Kc5 Qe5+ 61. Qxe5 fxe5 62. Kd5 Kf6 63. Ke4 Rf3 64. Rc6+ Kg5 65. Kxe5 g3 66. Ke4 Rf1 67. Rc8 Kg4 68. Rg8+ Kh3 69. Rh8+ Kg2 70. Ke3 Rf2 71. Rh7 Kg1 72. Ra7 g2 73. Rh7 Kf1 0-1

[Event "7th Uppsala Young Champions"]
[Site "Uppsala"]
[Date "2020.10.28"]
[Round "9.20"]
[White "Buchert, Matthaus"]
[Black "Muntean, Victor"]
[Result "1-0"]
[ECO "C58"]
[WhiteElo "1427"]
[BlackElo "1968"]
[Annotator "NA"]
[PlyCount "69"]
[EventDate "2020.10.23"]
[EventType "swiss"]
[EventCountry "SWE"]
[SourceTitle "playchess.com"]
[Source "ChessBase"]
[SourceQuality "1"]
[TimeControl "5400+30"]

1. e4 e5 2. Nf3 Nc6 3. Bc4 Nf6 4. Ng5 d5 5. exd5 Na5 6. Bb5+ c6 7. dxc6 bxc6 8. Bd3 Nd5 9. Nf3 Bd6 10. O-O O-O 11. Re1 Nf4 12. Bf1 f5 $2 (12... c5 $16) 13. Nxe5 Bxe5 14. Rxe5 Ng6 15. Re1 f4 16. d4 Qg5 17. Nd2 Bg4 18. Nf3 Qd5 19. Qd3 Kh8 20. Ne5 Bf5 21. Qc3 Rae8 22. Nxg6+ Bxg6 23. Rxe8 Bxe8 24. Bd2 Nb7 25. Qb4 Nd6 26. Re1 Bg6 27. Re5 Qf7 28. Qxd6 f3 29. Re7 Qxa2 {[%emt 0:02:05] [#]} 30. Rxa7 $1 Qg8 31. Qxc6 fxg2 32. Bc4 Be4 33. Bxg8 $18 (33. Qc7 $142 Rc8 {[#]} 34. Qe5 $1 Qf8 35. Bh6 $1 Bb7 36. Rxb7 Qxf2+ 37. Kxf2 Rf8+ 38. Kxg2 Rf2+ 39. Kh1 Rf1+ 40. Bxf1 Kg8 41. Qxg7#) 33... Bxc6 34. d5 Bb5 35. Be6 1-0